 Dungeon Crawl Stone Soup version 0.29.1-2-gbd0b4ee654 (webtiles) character file.

Game seed: 9417367289263732694

169 qeuew the Conjurer (level 5, 0/40 HPs)
             Began as a Draconian Conjurer on Nov 5, 2022.
             Was a Follower of the Shining One.
             Slain by an orc
             ... wielding a +0 mace
              (3 damage)
             ... on level 3 of the Dungeon.
             The game lasted 00:06:11 (2141 turns).

qeuew the Conjurer (Draconian Conjurer)             Turns: 2141, Time: 00:06:11

Health: 0/40       AC:  7    Str:  9    XL:     5   Next: 25%
Magic:  2/9        EV: 12    Int: 19    God:    the Shining One [*.....]
Gold:   36         SH:  0    Dex: 11    Spells: 7/10 levels left

rFire   + . .      SeeInvis .   b - staff of conjuration
rCold   . . .      Faith    .   (no shield)
rNeg    . . .      Spirit   .   (body armour unavailable)
rPois   .          Reflect  .   (helmet restricted)
rElec   .          Harm     .   (no cloak)
rCorr   .          Rampage  .   c - +1 pair of gloves
Will    .....                   (no boots)
Stlth   +.........              (no amulet)
HPRegen 0.13/turn               (no ring)
MPRegen 0.11/turn               (no ring)

@: glowing
A: AC +5, unfitting armour, cold-blooded, fire resistance 1, evolution 1
a: Renounce Religion, Divine Shield


You were on level 3 of the Dungeon.
You worshipped the Shining One.
The Shining One was aware of your devotion.
You visited 1 branch of the dungeon, and saw 3 of its levels.

You collected 36 gold pieces.

Inventory:

Armour
 c - a +1 pair of gloves (worn)
Magical Staves
 b - a staff of conjuration (weapon)
Jewellery
 d - a ring of fire
Scrolls
 g - a scroll of fog
 h - 4 scrolls of fear
 i - a scroll of identify
Potions
 a - a potion of heal wounds {unknown}
 e - a potion of might


   Skills:
 * Level 1.1 Fighting
 * Level 1.0 Staves
 * Level 2.4 Dodging
 - Level 1.7 Stealth
 - Level 0.2 Unarmed Combat
 * Level 3.1 Spellcasting
 + Level 4.8 Conjurations
 * Level 1.2 Invocations
 * Level 1.1 Evocations


You had 7 spell levels left.
You knew the following spells:

 Your Spells              Type           Power      Damage    Failure   Level
a - Magic Dart            Conj           100%       1d8       1%          1
b - Searing Ray           Conj           64%        2d6       3%          2

Your spell library contained the following spells:

 Spells                   Type           Power      Damage    Failure   Level
 Dazzling Flash           Conj/Hex       36%        N/A       17%         3
 Fulminant Prism          Conj/Hex       9%         3d7       50%         4
 Iskenderun's Mystic Bla  Conj/Tloc      18%        2d6       50%         4


Dungeon Overview and Level Annotations

Branches:
Dungeon (3/15)

Altars:
The Shining One

Shops:
D:2 (

Annotations:
D:1 2 transporters


Innate Abilities, Weirdness & Mutations

Your plain brown scales are hard. (AC +5)
You cannot fit into any form of body armour.
You are cold-blooded and may be slowed by cold attacks.
Your flesh is heat resistant. (rF+)
You have hidden genetic potential.


Message History

The orc wizard is moderately wounded.
The orc wizard hits you but does no damage.
The orc wizard hits you with a +0 dagger.
* * * LOW HITPOINT WARNING * * *
You hit the orc wizard.
You blast the orc wizard.
You tail-slap the orc wizard, but do no damage.
The orc wizard is almost dead.
The orc wizard hits you with a +0 dagger.
* * * LOW HITPOINT WARNING * * *
You hit the orc wizard but do no damage.
Your tail-slap misses the orc wizard.
The orc wizard is almost dead.
You feel less confused.
The orc wizard points at you and mumbles some strange words.
The puff of flame hits you. You resist.
* * * LOW HITPOINT WARNING * * *
Aiming: Searing Ray (safe; 3% risk of failure)
Press: ? - help, Q - select action, (/) - cycle Shift-Dir - straight line, f/p - orc wizard
Aim: an orc wizard, wielding a +0 dagger and wearing a +0 robe (almost dead, slightly transparent, haloed, 81% to hit)
You feel a surge of power!
The searing ray hits the orc wizard!
You kill the orc wizard!
Reactivating autopickup.
The searing ray hits something!
You feel a bit more experienced.
The searing ray hits the orc.
The orc is almost dead. (Press . to maintain the ray.)
Your Fighting skill increases to level 1!
Your Staves skill increases to level 1!
Your Spellcasting skill increases to level 3!
Your Evocations skill increases to level 1!
You have reached level 5!
You don't have enough magic to cast this spell.
The orc hits you with a +0 mace.
* * * LOW HITPOINT WARNING * * *
Things that are here:
a +0 dagger; a +0 robe; an orc corpse You barely miss the orc.
Your tail-slap misses the orc.
The orc is almost dead.
The orc hits you with a +0 mace.
You die...

## ... ..## ..)..
####$...# #.....#.#
# #o#####.#.# #@#
#.#.# ##.
#.#####...#### ...
###.......##.......
#.....#...##.##...
#.###........##.#+#
#.#≈#.#.#.##.#....#
#.###...........<###
#......#.....#......
#..........#.#......


You could see an orc.

Vanquished Creatures
  Natasha (twice) (D:2)
  2 orc wizards (D:3)
  2 adders (D:2)
  5 dart slugs
  2 orcs (D:3)
  3 ball pythons
  4 endoplasms
  3 giant cockroaches
  3 hobgoblins
  4 bats
  3 frilled lizards
  3 goblins
  5 kobolds
  4 rats
45 creatures vanquished.

Notes
Turn   | Place    | Note
-------+----------+-------------------------------------------
     0 | D:1      | qeuew the Draconian Conjurer began the quest for the Orb.
     0 | D:1      | Reached XP level 1. HP: 14/14 MP: 3/3
   148 | D:1      | Reached XP level 2. HP: 12/20 MP: 0/5
   357 | D:1      | Found a faded altar of an unknown god.
   377 | D:1      | Prayed at the altar of an unknown god.
   377 | D:1      | Became a worshipper of the Shining One
   377 | D:1      | Reached * piety under the Shining One
   974 | D:1      | Reached XP level 3. HP: 26/26 MP: 3/6
  1089 | D:1      | Identified a scroll of acquirement
  1089 | D:1      | Acquired a staff of conjuration
  1097 | D:1      | Learned a level 2 spell: Searing Ray
  1348 | D:2      | Found Iklig's Antique Weapon Shop.
  1593 | D:2      | Noticed Natasha
  1607 | D:2      | Killed Natasha
  1608 | D:2      | Reached XP level 4. HP: 11/34 MP: 4/8
  1833 | D:2      | Gained mutation: You have hidden genetic potential. [potion
                  | of mutation]
  1833 | D:2      | Gained mutation: Your flesh is heat resistant. (rF+)
                  | [potion of mutation]
  1837 | D:2      | Noticed Natasha
  1842 | D:2      | Killed Natasha
  2013 | D:3      | Reached skill level 1 in Invocations
  2140 | D:3      | Reached skill level 1 in Fighting
  2140 | D:3      | Reached skill level 1 in Staves
  2140 | D:3      | Reached skill level 1 in Evocations
  2140 | D:3      | Reached XP level 5. HP: 5/40 MP: 1/9
  2141 | D:3      | Slain by an orc

Illustrated notes

Levels and vault maps discovered:
D:1:      spicycebolla_arrival_transporter_tutorial, layout_basic,
          hellmonk_ecumenical_altar_blasted
D:2:      layout_rooms, serial_shops, nicolae_square_shop, uniq_natasha
D:3:      layout_basic, portal_sewer_entry_d, feat_on_display

Skill      XL: |  1  2  3  4 |
---------------+-------------+-----
Dodging        | 2 |  2.4
Invocations    | 1 |  1.2
Fighting       | 1 |  1.1
Staves         | 1 |  1.0
Spellcasting   | 3 |  3.1
Evocations     | 1 |  1.1
Stealth        | |  1.7
Unarmed Combat | |  0.2
Conjurations   | |  4.8

Action                   |  1- 3 |  4- 6 || total
-------------------------+-------+-------++-------
Melee: Unarmed           |    21 |       ||    21
       Tailslap          |     9 |     3 ||    12
       Dagger            |     5 |       ||     5
       Staff             |    14 |    16 ||    30
 Cast: Magic Dart        |    73 |    21 ||    94
       Searing Ray       |     1 |     1 ||     2
  Use: Scroll            |     2 |     4 ||     6
       Potion            |     1 |     1 ||     2
Armor: Skin              |    21 |    11 ||    32
Dodge: Dodged            |    23 |    23 ||    46
